[Event "*** Titled Tuesday Blitz"]
[Site "Chess.com"]
[Date "2020.12.29"]
[Round "5"]
[White "KhamzinOlzhas"]
[Black "Walter_White_Poland"]
[Result "1-0"]
[WhiteElo "2481"]
[BlackElo "2321"]
[TimeControl "180+1"]
[EndTime "10:54:10 PST"]
[Termination "KhamzinOlzhas won on time"]

1. d4 Nf6 2. c4 e6 3. e3 b6 4. Be2 Bb7 5. Bf3 Bxf3 6. Nxf3 d5 7. O-O Be7 8. Nc3 O-O 9. b3 c6 10. Re1 Nbd7 11. Bb2 Bb4 12. Re2 Bxc3 13. Bxc3 Ne4 14. Qc2 b5 15. Bb4 Re8 16. Rc1 a5 17. Be1 a4 18. Nd2 axb3 19. axb3 Nxd2 20. Bxd2 bxc4 21. bxc4 Nb6 22. cxd5 cxd5 23. Bb4 Nc4 24. Bc5 Qa5 25. e4 Reb8 26. exd5 exd5 27. Qf5 Qc3 28. Ree1 Qd2 29. Qxd5 Ra2 30. Qf3 h5 31. Red1 1-0

[Event "*** Titled Tuesday Blitz"]
[Site "Chess.com"]
[Date "2020.12.29"]
[Round "5"]
[White "Oleksandr_Bortnyk"]
[Black "Leonid_Starozhilov"]
[Result "1-0"]
[WhiteElo "2927"]
[BlackElo "2630"]
[TimeControl "180+1"]
[EndTime "10:54:11 PST"]
[Termination "Oleksandr_Bortnyk won by resignation"]

1. d4 Nf6 2. Nc3 d5 3. Bg5 Nbd7 4. Nf3 h6 5. Bh4 e6 6. e4 dxe4 7. Nxe4 Be7 8. Nxf6+ Nxf6 9. Bd3 c5 10. O-O cxd4 11. Nxd4 O-O 12. Re1 Nd5 13. Bxe7 Qxe7 14. c3 b6 15. Qg4 Bb7 16. Re5 Qf6 17. Rae1 Rad8 18. Be4 Kh8 19. Bf3 Ba8 20. a4 Nf4 21. Bxa8 Rxa8 22.
R5e3 Ng6 23. g3 Rad8 24. Rf3 Ne5 25. Rxf6 Nxg4 26. Rf4 Nf6 27. Kg2 Rd7 28. h4 Rc8 29. Rf3 Kg8 30. Ra1 Rcd8 31. a5 bxa5 32. Rxa5 Nd5 33. Nc6 Ra8 34. c4 Ne7 35. Ne5 Rb7 36. Rxf7 1-0

[Event "*** Titled Tuesday Blitz"]
[Site "Chess.com"]
[Date "2020.12.29"]
[Round "5"]
[White "Pedrada88"]
[Black "Klavdia_Nik"]
[Result "1-0"]
[WhiteElo "2331"]
[BlackElo "2068"]
[TimeControl "180+1"]
[EndTime "10:54:11 PST"]
[Termination "Pedrada88 won on time"]

1. Nf3 Nf6 2. g3 b6 3. Bg2 Bb7 4. O-O g6 5. d4 c5 6. c4 Bg7 7. Nc3 d6 8. d5 O-O 9. e4 b5 10. cxb5 a6 11. Re1 Ng4 12. a4 axb5 13. Nxb5 Ba6 14.
Qb3 Bxb5 15. Qxb5 Qd7 16. Bg5 Re8 17. Bh3 h5 18. e5 Qxb5 19. axb5 Rxa1 20. Rxa1 Nxe5 21.
Nxe5 Bxe5 22. Ra8 f5 23. b6 Kf7 24. Bf1 Bxb2 25. Bb5 Rh8 26. b7 Bd4 27. Bd2 1-0

[Event "*** Titled Tuesday Blitz"]
[Site "Chess.com"]
[Date "2020.12.29"]
[Round "5"]
[White "BikingBrian"]
[Black "Vyacheslav_N"]
[Result "1/2-1/2"]
[WhiteElo "2269"]
[BlackElo "2427"]
[TimeControl "180+1"]
[EndTime "10:54:13 PST"]
[Termination "Game drawn by repetition"]

1. d4 Nf6 2. Bg5 Ne4 3. Bf4 d5 4. f3 Nd6 5. Nc3 e6 6. e4 dxe4 7.
fxe4 Nc6 8. Nf3 Be7 9. Be2 O-O 10. O-O a6 11. Qd2 b5 12. Rad1 Bb7 13. e5 Nf5 14. a3 Qd7 15. g4 Nh4 16. Bg5 Nxf3+ 17. Bxf3 h6 18. Bxe7 Qxe7 19. Ne4 Rad8 20. c3 Nxe5 21. Nf6+ gxf6 22. Bxb7 Ng6 23. Qxh6 c5 24. Be4 cxd4 25. Bxg6 fxg6 26. Qxg6+ Qg7 27. Qxg7+ Kxg7 28. Rxd4 Rxd4 29.
cxd4 Rd8 30. Rd1 Rd5 31. Kf2 Kg6 32. Ke3 Kg5 33. h3 Kh4 34. Rf1 f5 35. gxf5 exf5 36.
Rf3 Kg5 37. Rg3+ Kh4 38. Rf3 Kg5 39. Rg3+ Kh4 40. Rf3 1/2-1/2

[Event "*** Titled Tuesday Blitz"]
[Site "Chess.com"]
[Date "2020.12.29"]
[Round "5"]
[White "KaterinaMiroshnik"]
[Black "Sergienko_Sergey"]
[Result "1-0"]
[WhiteElo "2533"]
[BlackElo "2303"]
[TimeControl "180+1"]
[EndTime "10:54:14 PST"]
[Termination "KaterinaMiroshnik won by checkmate"]

1. d3 d5 2. Nf3 Nf6 3. g3 Bf5 4. Bg2 e6 5. O-O h6 6. Nbd2 Be7 7.
Re1 Bh7 8. c3 O-O 9. Ne5 Nbd7 10. Nxd7 Qxd7 11. d4 c5 12. dxc5 Bxc5 13. Nb3 Bb6 14.
a4 a6 15. a5 Ba7 16. e4 Rfd8 17. e5 Ne8 18. Be3 Bxe3 19. Rxe3 Rac8 20. Nd4 Nc7 21. Bf1 Qe7 22. Qb3 Ne8 23. Ra4 Rc7 24.
Rb4 Rdc8 25. Rb6 Bg6 26. h4 Qc5 27. Rxb7 Qxa5 28. Rb6 Qc5 29. Rxa6 Ra7 30. Qa4 Rxa6 31. Qxa6 Rb8 32. b4 Qc7 33. Qa1 Be4 34. b5 Qxe5 35. Nc6 Qd6 36. Nxb8 Qxb8 37. c4 Nd6 38. c5 Nf5 39.
Ra3 Kh7 40. Ra8 Qc7 41. Qa7 Qe5 42. Qb8 Qd4 43. h5 Ne7 44. Qh8# 1-0

[Event "*** Titled Tuesday Blitz"]
[Site "Chess.com"]
[Date "2020.12.29"]
[Round "5"]
[White "Aslanov_Umid"]
[Black "JozefKneht"]
[Result "0-1"]
[WhiteElo "2259"]
[BlackElo "2491"]
[TimeControl "180+1"]
[EndTime "10:54:15 PST"]
[Termination "JozefKneht won by resignation"]

1. e4 c5 2. Nf3 d6 3. d4 cxd4 4. Nxd4 Nf6 5. Nc3 a6 6. Bc4 e6 7. Bb3 b5 8. O-O Be7 9. Qe2 O-O 10. Rd1 Qc7 11. f3 Bd7 12. Be3 Nc6 13. Nxc6 Bxc6 14. Qf2 Qb7 15. Rd2 a5 16. a4 bxa4 17. Nxa4 Nd7 18.
Bd4 Rfc8 19. Qg3 Bf8 20. Rad1 Bxa4 21. Bxa4 Nc5 22. Bxc5 Rxc5 23. c3 Rb8 24. Kh1 Qc7 25. Re1 g6 26. Bd1 Rb6 27. f4 Qb8 28. Qf2 Rcb5 29.
Ree2 Qc7 30. Ba4 Rc5 31. Bd1 Bg7 32. h4 h5 33. Re3 Rcb5 34. Ba4 Rc5 35. Bd1 Bh6 36.
Rf3 e5 37. f5 Bxd2 38. Qxd2 Qe7 39. f6 Qf8 40. Rg3 Kh7 41. Qg5 Qh6 42. Qxh6+ Kxh6 43. b3 Rbc6 44. Rd3 Rxc3 45. Rxc3 Rxc3 46. Bf3 0-1

[Event "*** Titled Tuesday Blitz"]
[Site "Chess.com"]
[Date "2020.12.29"]
[Round "5"]
[White "Fh2411"]
[Black "ElGasanov"]
[Result "0-1"]
[WhiteElo "2569"]
[BlackElo "2758"]
[TimeControl "180+1"]
[EndTime "10:54:17 PST"]
[Termination "ElGasanov won by checkmate"]

1. d4 d6 2. Nf3 g6 3. g3 Bg7 4. Bg2 Nd7 5. O-O e5 6. c4 Ne7 7. Nc3 O-O 8. e4 exd4 9. Nxd4 Nc6 10. Be3 Nde5 11. Nxc6 bxc6 12. c5 Ba6 13. Qa4 Bxf1 14. Bxf1 d5 15. Rd1 d4 16. Bf4 Qe7 17. Nb1 Qxc5 18.
Bg2 Rfd8 19. Na3 d3 20. Be3 Qe7 21. h3 Rab8 22. b3 d2 23. Rxd2 Rxd2 24. Bxd2 Rd8 25. Bb4 c5 26. Ba5 Qd7 27. Qxd7 Rxd7 28. Nb5 Nc6 29.
Be1 Rd1 30. Kf1 a6 31. Nxc7 Bc3 32. Ke2 Rxe1+ 33. Kd3 Bd4 34. f4 Nb4+ 35. Kc4 Rc1# 0-1

[Event "*** Titled Tuesday Blitz"]
[Site "Chess.com"]
[Date "2020.12.29"]
[Round "5"]
[White "J36225"]
[Black "esapunov"]
[Result "0-1"]
[WhiteElo "2489"]
[BlackElo "2707"]
[TimeControl "180+1"]
[EndTime "10:54:18 PST"]
[Termination "esapunov won by resignation"]

1. c4 Nf6 2. Nc3 g6 3. g3 Bg7 4.
Bg2 O-O 5. Nf3 d6 6. O-O Nc6 7. d4 Bf5 8. Re1 Ne4 9. Nxe4 Bxe4 10. e3 e6 11. a3 a5 12. Nd2 Bxg2 13. Kxg2 a4 14. b4 axb3 15. Nxb3 Qd7 16. Rb1 b6 17. Bb2 d5 18. c5 Ne7 19. Qd3 Qa4 20. Rec1 Rfb8 21.
cxb6 cxb6 22. Rc7 Nf5 23. Rbc1 Nd6 24. Nd2 b5 25. R1c3 Nc4 26. Bc1 Bf8 27. e4 Bd6 28.
Rd7 b4 29. Rxd6 bxc3 30. Nxc4 Qxc4 31. Qxc4 dxc4 32. Rc6 Rc8 33. Rxc8+ Rxc8 34. Kf3 Rb8 35. Ke2 Rb1 36. Kd1 Rb3 37. Kc2 Kf8 38. a4 Ke8 39. a5 Kd7 40. a6 Kc6 41. Be3 Kb6 42. d5+ Kxa6 43. d6 Kb7 44. e5 Kc6 45. h4 h5 46. f4 Ra3 47. Bd4 Ra2+ 48. Kxc3 Ra3+ 49.
Kxc4 Rxg3 0-1

[Event "*** Titled Tuesday Blitz"]
[Site "Chess.com"]
[Date "2020.12.29"]
[Round "5"]
[White "Chessbard1972"]
[Black "CHENNAIBOND"]
[Result "1-0"]
[WhiteElo "2312"]
[BlackElo "1579"]
[TimeControl "180+1"]
[EndTime "10:54:19 PST"]
[Termination "Chessbard1972 won by resignation"]

1. e4 c5 2. Nf3 Nc6 3. Bb5 g6 4. Bxc6 dxc6 5. h3 Bg7 6. d3 Nf6 7. O-O O-O 8. a4 a5 9. Nc3 Nd7 10. Be3 e5 11. Qd2 b6 12. Bh6 Re8 13. Bxg7 Kxg7 14. Nh2 Nf8 15. f4 Ne6 16. fxe5 Qd4+ 17. Qf2 Qxf2+ 18. Rxf2 Nd4 19. Raf1 Be6 20. Ng4 Bxg4 21.
Rxf7+ Kg8 22. hxg4 Nxc2 23. Rb7 Rab8 24. Rff7 Rxb7 25.
Rxb7 Rxe5 26. Kf2 Nb4 27. Ke3 Nc2+ 28. Kf4 Re8 29. Rxb6 Nb4 30. Ke3 Rd8 31. e5 Rxd3+ 32. Ke2 Rd7 33. Ne4 Re7 34. Kf3 Rxe5 35. Rb7 Nd5 36.
Nxc5 Re7 37. Rxe7 Nxe7 38. Nb7 Kf7 39. Nxa5 Ke6 40. Ke4 Nd5 41. Nxc6 Nf6+ 42. Kf4 Kd6 43. Nd4 Kd5 44. Nf3 Ne4 45. Ng5 h6 46. Nxe4 1-0

[Event "*** Titled Tuesday Blitz"]
[Site "Chess.com"]
[Date "2020.12.29"]
[Round "5"]
[White "IMUffeVinther-Schou"]
[Black "Bulldog167"]
[Result "0-1"]
[WhiteElo "2397"]
[BlackElo "2691"]
[TimeControl "180+1"]
[EndTime "10:54:20 PST"]
[Termination "Bulldog167 won on time"]

1. e4 c5 2. Nf3 d6 3. Bb5+ Nd7 4. Ba4 Nf6 5. O-O a6 6. c4 e5 7. Nc3 Be7 8. d3 O-O 9. h3 Nb8 10. a3 Nc6 11. Rb1 Nd4 12. b4 b6 13. bxc5 bxc5 14. Nxd4 cxd4 15. Bc6 Ra7 16. Nd5 Nd7 17. f4 Nc5 18. f5 f6 19. Rf3 Bd7 20. Bxd7 Qxd7 21. Bd2 a5 22. Rb5 Bd8 23. Qb1 Kh8 24. Rb8 Rb7 25. Rxb7 Qxb7 26. Qxb7 Nxb7 27. Kf2 Nc5 28. Ke2 Rf7 29. g4 Rb7 30. h4 Rb2 31. g5 Nb3 32.
gxf6 Bxf6 0-1

[Event "*** Titled Tuesday Blitz"]
[Site "Chess.com"]
[Date "2020.12.29"]
[Round "5"]
[White "joppie2"]
[Black "12teen"]
[Result "0-1"]
[WhiteElo "2878"]
[BlackElo "2782"]
[TimeControl "180+1"]
[EndTime "10:54:21 PST"]
[Termination "12teen won by resignation"]

1. e4 e6 2. d4 a6 3. Bd3 b5 4. a4 b4 5. Nf3 Bb7 6. O-O Nf6 7. Re1 d5 8. e5 Nfd7 9. c3 c5 10. Ng5 Be7 11. Qg4 Nf8 12. dxc5 bxc3 13. Nxc3 Bxc5 14. Qf3 Qd7 15. a5 h6 16. Qh5 Nc6 17.
Na4 Bb4 18. Nb6 Qe7 19. Re2 Rd8 20. Bd2 Bxd2 21. Nxf7 Qxf7 22. Qxf7+ Kxf7 23. Rxd2 Nxe5 24. Bf1 Nfg6 25. Na4 Rc8 26. b4 Nd7 27. b5 axb5 28.
Bxb5 Nc5 29. Nb6 Rc7 30. Rc1 Na6 31. Re1 Rd8 32. g3 Kf6 33. h4 Ne5 34. Kf1 Nf3 35.
Red1 Nxd2+ 36. Rxd2 Nb4 37. Rb2 Na6 38. Ke2 d4 39.
Kd2 e5 40. Bc4 e4 41. Rb5 Rc5 42. Rb1 Rxa5 43. g4 g5 44. hxg5+ hxg5 45. Rh1 e3+ 0-1

[Event "*** Titled Tuesday Blitz"]
[Site "Chess.com"]
[Date "2020.12.29"]
[Round "5"]
[White "tdf98pantani"]
[Black "yuki_chess123"]
[Result "1-0"]
[WhiteElo "2657"]
[BlackElo "2211"]
[TimeControl "180+1"]
[EndTime "10:54:21 PST"]
[Termination "tdf98pantani won by resignation"]

1. e4 g6 2. d4 Bg7 3. Nc3 c6 4. Nf3 d5 5. h3 f6 6. Bd3 Nh6 7. O-O O-O 8. Re1 e6 9. Ne2 Nf7 10. c4 dxe4 11. Bxe4 f5 12. Bc2 e5 13. dxe5 Nxe5 14. Nxe5 Bxe5 15. Qxd8 Rxd8 16. Nf4 Bf6 17. Rb1 Na6 18. b4 Nxb4 19. Bb3 c5 20. Be3 b6 21. Rbd1 Bb7 22. a3 Nc6 23. Nd5 Kf7 24. Nxf6 Kxf6 25. h4 Rxd1 26. Rxd1 Ke6 27. Ba4 Rd8 28. Re1 Kf7 29.
Bg5 Rd7 30. f3 Kg7 31. Kh2 h6 32. Bf4 Rf7 33. Re6 Nd4 34. Rd6 Re7 35. Rd8 Ne6 36. Be5+ Kf7 37. Rb8 g5 38. h5 Ng7 39. Bd6 Rd7 40. Bxd7 1-0

[Event "*** Titled Tuesday Blitz"]
[Site "Chess.com"]
[Date "2020.12.29"]
[Round "5"]
[White "PabloZarnicki"]
[Black "MashaFromRussia"]
[Result "0-1"]
[WhiteElo "2550"]
[BlackElo "2413"]
[TimeControl "180+1"]
[EndTime "10:54:22 PST"]
[Termination "MashaFromRussia won by resignation"]

1. e4 c5 2. Nf3 Nc6 3. d4 cxd4 4.
Nxd4 Nf6 5. Nc3 e5 6. Ndb5 d6 7. Bg5 a6 8. Na3 b5 9. Nd5 Be7 10. Bxf6 Bxf6 11. c4 b4 12. Nc2 a5 13. Be2 O-O 14.
O-O Bg5 15. Qd3 Be6 16. Rad1 Qb8 17. g3 f5 18. Bf3 f4 19. Qe2 Ra7 20. Bg4 Bf7 21.
h4 Bh6 22. b3 a4 23. Kg2 axb3 24. axb3 Ra2 25. Qd3 Kh8 26. Bd7 Bxd5 27. exd5 e4 28. Qxe4 Ne5 29. gxf4 Rxf4 30. Qe2 Nxd7 31. Ra1 Rxa1 32.
Rxa1 Ne5 33. Ne3 Qf8 34. h5 Rh4 35. Nf5 Rg4+ 36. Kf1 g6 37. Nxh6 Qxh6 38. Ra8+ Kg7 39. Ra7+ Kf6 40. Ra6 Qc1+ 41. Qe1 Rg1+ 42. Kxg1 Qxe1+ 43. Kg2 Qe4+ 44. Kf1 Nf3 45. Rxd6+ Kf5 46. Re6 Qd3+ 47.
Kg2 Nh4+ 48. Kg1 Kg4 49. Re3 Qd1+ 50. Kh2 Nf3+ 51. Rxf3 Kxf3 52. d6 Qf1 0-1

[Event "*** Titled Tuesday Blitz"]
[Site "Chess.com"]
[Date "2020.12.29"]
[Round "5"]
[White "Maksimus1998"]
[Black "IsuruAlahakoon"]
[Result "1-0"]
[WhiteElo "2541"]
[BlackElo "2299"]
[TimeControl "180+1"]
[EndTime "10:54:22 PST"]
[Termination "Maksimus1998 won on time"]

1. e4 e5 2. Nf3 d6 3. d4 Bg4 4. dxe5 Nd7 5. exd6 Bxd6 6. Be2 Qe7 7. Nc3 O-O-O 8. h3 Bh5 9. Be3 Ngf6 10. Nd2 Bg6 11.
Bd3 Nc5 12. Bxc5 Bxc5 13. Qe2 Rhe8 14. f3 Bd4 15. Nb3 Be5 16. O-O-O Bxc3 17. bxc3 Qa3+ 18.
Kb1 Nd5 19. Qd2 Nb6 20. Qc1 Qe7 21. Bb5 c6 22. Rxd8+ Rxd8 23. Be2 Qe5 24. Qe3 Na4 25. Nd4 c5 26. Nb5 a6 27. f4 Qxe4 28. Bg4+ Kb8 29. Qxe4 Bxe4 30. Na3 Rd2 31. Re1 f5 32. Bf3 Nxc3+ 33.
Kb2 Na4+ 34. Kc1 Rd4 35. Bxe4 fxe4 36. g4 b5 37. f5 Nc3 38. Kb2 b4 39. Nb1 Na4+ 40.
Kc1 c4 41. Nd2 Nc5 42. g5 1-0

[Event "*** Titled Tuesday Blitz"]
[Site "Chess.com"]
[Date "2020.12.29"]
[Round "5"]
[White "stasiek18"]
[Black "HrvojeZagreb"]
[Result "1-0"]
[WhiteElo "2384"]
[BlackElo "2230"]
[TimeControl "180+1"]
[EndTime "10:54:22 PST"]
[Termination "stasiek18 won by resignation"]

1. e4 e6 2. f4 d5 3. e5 Nh6 4. Nf3 c5 5. c3 Nc6 6. Na3 Be7 7.
Nc2 O-O 8. d4 f6 9. Bd3 fxe5 10.
fxe5 Nf5 11. O-O cxd4 12. Bxf5 Rxf5 13. Ncxd4 Rf7 14. Be3 Bd7 15. Qd2 Qc7 16. Bg5 Nxe5 17. Nxe5 Qxe5 18. Bxe7 Rxe7 19. Rae1 Qh5 20. Nf3 Bb5 21. Re5 Qxe5 22. Nxe5 Bxf1 23. Kxf1 Rf8+ 24. Kg1 Rf5 25. Qd4 Re8 26. h3 a6 27. a4 Ref8 28. Nd7 R8f7 29. Nc5 R5f6 30. a5 h6 31. Qe5 Rf1+ 32.
Kh2 R1f2 33. Qxe6 Rxb2 34. Nd7 1-0

[Event "*** Titled Tuesday Blitz"]
[Site "Chess.com"]
[Date "2020.12.29"]
[Round "5"]
[White "Jumbo"]
[Black "SARGISMV"]
[Result "1-0"]
[WhiteElo "2820"]
[BlackElo "2463"]
[TimeControl "180+1"]
[EndTime "10:54:23 PST"]
[Termination "Jumbo won on time"]

1. d4 Nf6 2. c3 c5 3. dxc5 Na6 4.
b4 g6 5. g3 Bg7 6. Bg2 O-O 7.
a3 Re8 8. Nh3 Rb8 9. O-O b6 10. cxb6 Qxb6 11. Be3 Qc7 12. Nf4 Bb7 13. Bxa7 Rbc8 14. Be3 Bxg2 15. Nxg2 Ne4 16. Ra2 Nxc3 17.
Nxc3 Qxc3 18. Qd3 Qxd3 19. exd3 Rc3 20. Nf4 e5 21. Ne2 Rxd3 22. Rc1 d5 23. b5 d4 24. Bd2 Nb8 25. a4 Rb3 26. Rc7 e4 27. Kg2 Be5 28. Rb7 Rc8 29. a5 e3 30. fxe3 dxe3 31.
Bc1 Rc5 32. a6 Bd6 33. a7 Rf5 34. Bxe3 Rxe3 35. Rxb8+ Kg7 36. a8=Q Bc5 37. Rg8+ Kh6 38. Nf4 g5 39. Qc6+ f6 40. Qd7 1-0

[Event "*** Titled Tuesday Blitz"]
[Site "Chess.com"]
[Date "2020.12.29"]
[Round "5"]
[White "Loy_Konstantin"]
[Black "Susal_De_Silva"]
[Result "0-1"]
[WhiteElo "2398"]
[BlackElo "2570"]
[TimeControl "180+1"]
[EndTime "10:54:23 PST"]
[Termination "Susal_De_Silva won by resignation"]

1. e4 e5 2. Nf3 d6 3. d4 exd4 4. Nxd4 Nf6 5. Nc3 Be7 6. Bf4 O-O 7. Qd2 c6 8. Be2 a5 9. a4 Re8 10. O-O Bf8 11. f3 Na6 12. Nb3 d5 13. Bxa6 Rxa6 14. Rad1 Be6 15. Kh1 Bb4 16. Bg5 h6 17. Bxf6 Qxf6 18. exd5 Bxc3 19. Qxc3 Qxc3 20. bxc3 Bxd5 21.
Rfe1 Rxe1+ 22. Rxe1 b5 23. Nc5 Ra7 24. Ra1 Kf8 25.
Kg1 Ke7 26. Kf2 Kd6 27. Nb3 b4 28. cxb4 axb4 29. a5 c5 30. Ke3 c4 31. Nd4 Kc5 32. Nf5 g6 33. Nxh6 b3 34. cxb3 cxb3 35. Kd2 Kb4 36. Ng4 b2 37. Rb1 Kb3 38. Ne3 Rd7 39. Ke1 Ka2 40. Rd1 b1=Q 41. Rxb1 Kxb1 0-1

[Event "*** Titled Tuesday Blitz"]
[Site "Chess.com"]
[Date "2020.12.29"]
[Round "5"]
[White "alexg2003"]
[Black "torsten64"]
[Result "1-0"]
[WhiteElo "2394"]
[BlackElo "2140"]
[TimeControl "180+1"]
[EndTime "10:54:23 PST"]
[Termination "alexg2003 won by resignation"]

1. e4 c5 2. Nf3 d6 3. g3 g6 4. Bg2 Bg7 5. O-O Nc6 6. c3 b5 7. d4 Bb7 8. a4 a6 9. axb5 axb5 10. Rxa8 Qxa8 11. Na3 b4 12. Nb5 Qa5 13. c4 Ba6 14. dxc5 dxc5 15. Be3 Bxb5 16. cxb5 Qxb5 17. Qa1 Nf6 18.
Rc1 Nd7 19. Qa8+ Qb8 20. Qxc6 Bxb2 21. Rd1 O-O 22. Rxd7 b3 23. Nd2 Bc3 24. Nxb3 Qxb3 25. Qxc5 Qb1+ 26. Bf1 Bf6 27. e5 Bg7 28. e6 fxe6 29.
Qxe7 Qb2 30. Qxe6+ Kh8 31. Qd6 Qa1 32. Rd8 Kg8 33.
Bc5 Kh8 1-0

[Event "*** Titled Tuesday Blitz"]
[Site "Chess.com"]
[Date "2020.12.29"]
[Round "5"]
[White "KetiGrant"]
[Black "VladimirBugayev"]
[Result "1-0"]
[WhiteElo "2448"]
[BlackElo "2283"]
[TimeControl "180+1"]
[EndTime "10:54:23 PST"]
[Termination "KetiGrant won on time"]

1. e4 c6 2. d4 d5 3. e5 Bf5 4. Nd2 e6 5. Nb3 Nd7 6. Nf3 h6 7. Be2 Ne7 8. O-O g5 9. Ne1 Bg6 10. f4 Nf5 11. Bh5 Be7 12. Qg4 c5 13. c3 c4 14. Bxg6 fxg6 15. Nd2 Ne3 16. Qxe6 Nxf1 17. Qxg6+ Kf8 18. Nxf1 Qb6 19. Qf5+ Ke8 20. Nf3 Rf8 21. Qg4 gxf4 22. Bxf4 Qxb2 23. Qg6+ Kd8 24. Bxh6 Qxa1 25.
Bxf8 Nxf8 26. Qf7 Qxc3 27. Qxd5+ Kc7 28. Qf7 Qa3 29. d5 Kb6 30. d6 Bxd6 31. exd6 Qxd6 32.
Ne3 Qc5 33. Kf2 Rd8 34. Ke2 Nd7 35. Nxc4+ Ka6 36. Ne3 Nb6 37. h4 Rd7 38. Qb3 Re7 39.
Kf2 Nc4 40. Qxc4+ Qxc4 41. Nxc4 1-0

[Event "*** Titled Tuesday Blitz"]
[Site "Chess.com"]
[Date "2020.12.29"]
[Round "5"]
[White "PhoenixFire8"]
[Black "rududuyk"]
[Result "1-0"]
[WhiteElo "2445"]
[BlackElo "2276"]
[TimeControl "180+1"]
[EndTime "10:54:23 PST"]
[Termination "PhoenixFire8 won on time"]

1. Nf3 d6 2. d4 f5 3. Nc3 Nf6 4.
Bg5 Ne4 5. Qd3 Nxg5 6. Nxg5 e6 7. Nf3 d5 8. O-O-O c5 9. Ne5 cxd4 10. Qxd4 Nc6 11. Nxc6 bxc6 12. e4 Qg5+ 13. Kb1 fxe4 14. Qa4 Bd7 15. Qa6 Bd6 16. Nxe4 dxe4 17. Rxd6 Rd8 18.
Bc4 O-O 19. Rhd1 Bc8 20. Bxe6+ Bxe6 21. Qxc6 Rxd6 22. Qxd6 Bf7 23. g3 Qa5 24. b3 Qb6 25.
Qe5 Qxf2 26. Qxe4 Rc8 27. Qd3 1-0

[Event "*** Titled Tuesday Blitz"]
[Site "Chess.com"]
[Date "2020.12.29"]
[Round "5"]
[White "eCztery"]
[Black "norwaytoadog"]
[Result "1-0"]
[WhiteElo "2366"]
[BlackElo "2192"]
[TimeControl "180+1"]
[EndTime "10:54:23 PST"]
[Termination "eCztery won on time"]

1. e4 c5 2. Nf3 d6 3. d4 cxd4 4. Qxd4 Nc6 5. Bb5 a6 6. Bxc6+ bxc6 7. c4 e5 8. Qd3 Qc7 9. O-O Nf6 10. Nc3 Be7 11. Bg5 O-O 12. Rad1 Rd8 13. b3 Be6 14.
h3 Nh5 15. Bxe7 Qxe7 16. Ne2 Qf6 17. Qe3 h6 18. g4 Nf4 19. Nxf4 exf4 20. Qd4 Qxd4 21.
Rxd4 Kf8 22. Rfd1 Ke7 23. e5 d5 24. c5 a5 25. Rxf4 Rdb8 26. Nd4 Ra6 27. Rd3 a4 28. Rdf3 axb3 29. axb3 Rb7 30. b4 g5 31. Rf6 Rxb4 32. Nxe6 Ra1+ 33. Kg2 Rbb1 34. Rxf7+ Kxe6 35. R7f6+ Kxe5 36. Re3+ Kd4 37. Rxc6 Rg1+ 38. Kf3 Rh1 39. Rxh6 Kxc5 40. Rg6 1-0

[Event "*** Titled Tuesday Blitz"]
[Site "Chess.com"]
[Date "2020.12.29"]
[Round "5"]
[White "GelmanAlexander"]
[Black "ChessQueen"]
[Result "0-1"]
[WhiteElo "2569"]
[BlackElo "2750"]
[TimeControl "180+1"]
[EndTime "10:54:25 PST"]
[Termination "ChessQueen won on time"]

1. d4 Nf6 2. Nc3 c5 3. d5 d6 4.
e4 g6 5. f4 Bg7 6. Nf3 a6 7. e5 Nfd7 8. h4 dxe5 9. h5 exf4 10. Bxf4 Qb6 11. Rb1 O-O 12. hxg6 fxg6 13. g3 Qb4 14.
Rh4 Bxc3+ 15. bxc3 Qxc3+ 16. Kf2 Nf6 17. Rb3 Ne4+ 18.
Kg1 Qf6 19. Qe1 Bf5 20. Rxb7 Nd7 21. Bd3 g5 22. Bxe4 gxh4 23. Nxh4 Qd4+ 24. Kh2 Qxe4 25. Qxe4 Bxe4 26. Rxd7 Rf7 27. c4 Bd3 28. Nf3 Bxc4 29.
Ne5 Bb5 30. Rc7 Rg7 31. Bh6 Rd8 32. Bxg7 Kxg7 33. Rxe7+ Kf6 34. Re6+ Kf5 0-1

[Event "*** Titled Tuesday Blitz"]
[Site "Chess.com"]
[Date "2020.12.29"]
[Round "5"]
[White "MaxLeto"]
[Black "pavel_skatchkov"]
[Result "0-1"]
[WhiteElo "2389"]
[BlackElo "2569"]
[TimeControl "180+1"]
[EndTime "10:54:25 PST"]
[Termination "pavel_skatchkov won on time"]

1. g4 e5 2. Bg2 Nc6 3. c4 Bc5 4. Nc3 d6 5. h3 Nge7 6. e3 O-O 7. Nge2 f5 8. d4 Bb6 9. d5 Na5 10. Qc2 Nxc4 11. b3 Na5 12. b4 Nc4 13. Nd1 a5 14. Qxc4 axb4 15. Bd2 Qe8 16. Nb2 Qg6 17. Ng3 fxg4 18.
hxg4 Bxg4 19. Be4 Nf5 20. Qd3 Ra3 21. Qc2 b3 22. Qb1 bxa2 23. Rxa2 Rxa2 24. Qxa2 Qg5 25. Nxf5 Bxf5 26. Qc4 Qf6 27. Nd3 g6 28. Bxf5 Qxf5 29. Ke2 Qf3+ 0-1

[Event "*** Titled Tuesday Blitz"]
[Site "Chess.com"]
[Date "2020.12.29"]
[Round "5"]
[White "PavlovDanila"]
[Black "Koksal06"]
[Result "0-1"]
[WhiteElo "2677"]
[BlackElo "2457"]
[TimeControl "180+1"]
[EndTime "10:54:26 PST"]
[Termination "Koksal06 won on time"]

1. e4 c6 2. Nc3 d5 3. Nf3 Bg4 4. h3 Bxf3 5. Qxf3 e6 6. d3 Nd7 7. Qg3 Ngf6 8. Bd2 g6 9. Be2 Bg7 10. O-O O-O 11. Kh1 dxe4 12. dxe4 Nc5 13. Qe3 Ncxe4 14.
Nxe4 Nxe4 15. Bb4 c5 16. Ba3 Qd4 17. Qf4 Be5 18. Qh4 g5 19. Qh5 Nxf2+ 20. Rxf2 Qxf2 21.
Qxg5+ Bg7 22. Bd3 b6 23. Rf1 Qd4 24. b3 f5 25. Bc1 Qf6 26. Qe3 Rad8 27. g4 Qe5 28.
Qxe5 Bxe5 29. Bg5 Bf6 30. Bh6 Bg7 31. Bg5 Rd4 32. gxf5 exf5 33. Rxf5 Rxf5 34. Bxf5 Kh8 35. Be3 Rd1+ 36. Kg2 Bd4 37. Bf4 Kg7 38. Bd3 Re1 0-1

[Event "*** Titled Tuesday Blitz"]
[Site "Chess.com"]
[Date "2020.12.29"]
[Round "5"]
[White "grunbergmihai"]
[Black "Carnivoras"]
[Result "1-0"]
[WhiteElo "2439"]
[BlackElo "2595"]
[TimeControl "180+1"]
[EndTime "10:54:26 PST"]
[Termination "grunbergmihai won by resignation"]

1. Nf3 d5 2. c4 c6 3. g3 Nf6 4.
Bg2 g6 5. O-O Bg7 6. cxd5 cxd5 7. d4 O-O 8. Nc3 Nc6 9. Ne5 Nxe5 10. dxe5 Ng4 11. Qxd5 Nxe5 12. Bf4 Nc6 13. Rfd1 Be6 14.
Qb5 Qc8 15. Nd5 Bxd5 16. Bxd5 Nd4 17. Qd3 Rd8 18. Rac1 Qg4 19. f3 Qd7 20. Bb3 Nxb3 21. Qxb3 Qe8 22. Rc7 Rxd1+ 23. Qxd1 e5 24. Be3 Qb5 25.
Qd7 Qxd7 26. Rxd7 b6 27. b4 Bf8 28. b5 a6 29. a4 axb5 30. axb5 Ra5 31. Rd5 Bc5 32.
Bxc5 Rxb5 33. Rd8+ 1-0

[Event "*** Titled Tuesday Blitz"]
[Site "Chess.com"]
[Date "2020.12.29"]
[Round "5"]
[White "vladgoncharov"]
[Black "ErikRonka"]
[Result "1-0"]
[WhiteElo "2552"]
[BlackElo "2376"]
[TimeControl "180+1"]
[EndTime "10:54:26 PST"]
[Termination "vladgoncharov won by resignation"]

1. e4 c6 2. d4 d5 3. e5 c5 4. dxc5 e6 5. Be3 Nd7 6. Bb5 Ne7 7.
Nf3 Nf5 8. Bd4 a6 9. Bxd7+ Bxd7 10. c3 Nxd4 11. cxd4 b6 12. cxb6 Qxb6 13. O-O Qxb2 14. Nbd2 Bb5 15. Re1 Be7 16. Re3 Qb4 17. a4 Bd7 18. a5 Qb7 19. Rb3 Qa7 20. Nf1 O-O 21. Ng3 Rab8 22. Re3 Rb2 23. h4 Rc8 24. Ng5 h6 25.
Qh5 hxg5 26. hxg5 Qxd4 27. Rae1 Qf4 28. Rf3 Qb4 29. Qxf7+ Kh8 30. Qh5+ Kg8 31. g6 Qxe1+ 32. Kh2 Bf6 33. Rxf6 1-0

[Event "*** Titled Tuesday Blitz"]
[Site "Chess.com"]
[Date "2020.12.29"]
[Round "5"]
[White "annamaja"]
[Black "Ave_Mariia"]
[Result "0-1"]
[WhiteElo "2294"]
[BlackElo "2500"]
[TimeControl "180+1"]
[EndTime "10:54:26 PST"]
[Termination "Ave_Mariia won by checkmate"]

1. e4 c5 2. Nf3 d6 3. d4 cxd4 4. Nxd4 Nf6 5. Nc3 g6 6. Be2 Bg7 7. O-O O-O 8. f4 Nc6 9. Be3 Qb6 10. Qd3 Ng4 11. Nd5 Qd8 12. Bxg4 Bxg4 13. f5 Nxd4 14. Bxd4 Be2 15. Qxe2 Bxd4+ 16. Kh1 Be5 17. c3 e6 18. Ne3 Qh4 19. Ng4 Rae8 20. Nxe5 dxe5 21. f6 Rd8 22. g3 Qg5 23. Rad1 Rxd1 24. Qxd1 Qe3 25. Re1 Qf2 26. Rf1 Qxb2 27. Qd3 h6 28. Qe3 Kh7 29. Qxa7 Rd8 30. Rf2 Qb1+ 31. Kg2 Qxe4+ 32. Kh3 g5 33. Qc5 g4+ 34.
Kh4 Qg6 35. Qe3 Rd3 36. Qxe5 Rd5 37. Qf4 Rh5# 0-1